 Dungeon Crawl Stone Soup version 0.24.1-11-gbbbb2193e6 (webtiles) character file.

Game seed: 10842731690555354371, levelgen mode: deterministic

2214 Kaiern the Stinger (level 9, -2/54 HPs)
             Began as a Gargoyle Venom Mage on May 12, 2020.
             Was a Follower of Vehumet.
             Slain by a gnoll sergeant
             ... wielding a +1 spear of piercing
              (4 damage)
             ... on level 6 of the Dungeon.
             The game lasted 00:44:38 (8016 turns).

Kaiern the Stinger (Gargoyle Venom Mage)            Turns: 8016, Time: 00:44:40

Health: -2/54      AC: 13    Str: 13    XL:     9   Next: 35%
Magic:  12/18      EV: 11    Int: 20    God:    Vehumet [*.....]
Gold:   232        SH:  0    Dex: 10    Spells: 12/20 levels left

rFire    . . .     SeeInvis .   j - +7 flail of Ogamm {drain, *Rage +Fly rN+ Str+2}
rCold    . . .     Gourm    .   (no shield)
rNeg     + + .     Faith    .   q - +3 leather armour
rPois    ∞         Spirit   .   (no helmet)
rElec    +         Reflect  .   (no cloak)
rCorr    .         Harm     .   (no gloves)
MR       .....     Rnd*Rage +   k - +0 pair of boots
Stlth    ++........             (no amulet)
HPRegen  0.18/turn              (no ring)
MPRegen  0.16/turn              (no ring)

@: no status effects
A: negative energy resistance 1, electricity resistance, unbreathing,
petrification resistance, rot immunity, AC +6
a: Renounce Religion, Evoke Flight


You were on level 6 of the Dungeon.
You worshipped Vehumet.
Vehumet was aware of your devotion.
You were not hungry.

You visited 2 branches of the dungeon, and saw 7 of its levels.

You collected 232 gold pieces.

Inventory:

Hand Weapons
 e - a +1 whip of venom
 j - the +7 flail of Ogamm (weapon) {drain, *Rage +Fly rN+ Str+2}
   (You found it on level 5 of the Dungeon)

   A truly terrible weapon, it drains the life of those it strikes.
   It affects your strength (+2).
   It protects you from negative energy.
   It lets you fly.
   It may make you go berserk in combat.
 r - the +9 dagger of Usuceom {freeze, rPois Str+5}
   (You found it on level 4 of the Dungeon)

   It has been specially enchanted to freeze those struck by it, causing extra
   injury to most foes and up to half again as much damage against particularly
   susceptible opponents.
   It can also slow down cold-blooded creatures.
   It affects your strength (+5).
   It protects you from poison.
Missiles
 l - 36 arrows
 o - 24 poisoned darts (quivered)
 A - a throwing net
Armour
 a - a +0 robe
 h - a +1 leather armour
 k - a +0 pair of boots (worn)
 q - a +3 leather armour (worn)
Jewellery
 u - an uncursed amulet of harm
 C - an uncursed ring of fire
Scrolls
 b - 2 scrolls of remove curse
 d - 2 scrolls of enchant armour
 g - 3 scrolls of teleportation
 m - 2 scrolls of magic mapping {unknown}
 n - 3 scrolls of noise {unknown}
 p - a scroll of fear {unknown}
 v - 2 scrolls of enchant weapon {unknown}
 w - 3 scrolls of identify
 y - a scroll of brand weapon {unknown}
 z - a scroll of fog {unknown}
Potions
 f - a potion of might {unknown}
 i - a potion of agility {unknown}
 s - 2 potions of brilliance {unknown}
 t - a potion of magic {unknown}
 x - a potion of heal wounds {unknown}
Comestibles
 c - 5 rations


   Skills:
 + Level 5.3 Fighting
 - Level 3.0 Short Blades
 + Level 2.8 Maces & Flails
 - Level 2.0 Armour
 - Level 1.5 Dodging
 - Level 2.3 Stealth
 + Level 6.0 Spellcasting
 - Level 4.1 Conjurations
 + Level 6.9 Poison Magic


You had 12 spell levels left.
You knew the following spells:

 Your Spells              Type           Power        Failure   Level  Hunger
a - Sting                 Conj/Pois      ####         1%          1    None
b - Mephitic Cloud        Conj/Pois/Air  ###.....     9%          3    ##.....
c - Olgreb's Toxic Radia  Pois           ####....     8%          4    ####...

Your spell library contained the following spells:

 Spells                   Type           Power        Failure   Level  Hunger
 Magic Dart               Conj           ###.         2%          1    None
 Poisonous Vapours        Pois/Air       ###...       4%          2    None
 Animate Skeleton         Necr           N/A          13%         1    None
 Apportation              Tloc           #.....       13%         1    None
 Confusing Touch          Hex            #.....       13%         1    None
 Summon Small Mammal      Summ           #...         13%         1    None
 Venom Bolt               Conj/Pois      ####......   36%         5    #####..


Dungeon Overview and Level Annotations

Branches:
Dungeon (6/15)             Temple (1/1) D:4

Altars:
Ashenzari
Cheibriados
Dithmenos
Elyvilon
Fedhas
Gozag
Hepliaklqana
Kikubaaqudgha
Makhleb
Nemelex Xobeh
Okawaru
Ru
Sif Muna
Trog
Uskayaw
Vehumet
Wu Jian
Xom
Yredelemnul
Zin
The Shining One

Shops:
D:6 ?

Annotations:
D:2 exclusion: sky beast
D:5 Sigmund


Innate Abilities, Weirdness & Mutations

You are resistant to torment.
Your stone body is resilient. (AC +6)
You are immune to poison.
You resist negative energy. (rN+)
You are resistant to electric shocks. (rElec)
You can survive without breathing.
You are immune to petrification.
You are immune to rotting.


Message History

The hound skeleton is heavily damaged.
The hound skeleton bites you.
* * * LOW HITPOINT WARNING * * *
The gnoll sergeant hits you from afar with a +1 spear of piercing.
* * * LOW HITPOINT WARNING * * *
x2
There are monsters nearby!
The hound skeleton bites you but does no damage.
You sock the hound skeleton!
The hound skeleton is almost destroyed.
The gnoll sergeant hits you from afar with a +1 spear of piercing.
* * * LOW HITPOINT WARNING * * *
x2 The hound skeleton bites you but does no damage.
The hound skeleton bites you but does no damage.
You hit the hound skeleton.
You destroy the hound skeleton!
Vehumet accepts your kill.
The gnoll sergeant hits you from afar with a +1 spear of piercing.
* * * LOW HITPOINT WARNING * * *
x2 The gnoll sergeant hits you from afar with a +1 spear of piercing.
You die...

#............ #...........
##.).....).∩
#######.####.............
.........###..........#..
########.#....... .......
######### ####g...##.#..##.....
......>.# #....................
..<.....# ###...@#.....#.........
........###...............###....
...>.........##..................
.[......#######.##.....(.......#.
........# #...............)..#
######### #..................#
#.##...............# ##
#...............#
#............(.(#


You could see a gnoll sergeant.

Vanquished Creatures
  Grinder (D:6)
  A hippogriff (D:6)
  Eustachio (D:3)
  Menkaure (D:5)
  Edmund (D:5)
  3 ice beasts
  An orc warrior (D:6)
  4 ogres
  A bullfrog (D:5)
  A scorpion (D:4)
  2 howler monkeys (D:4)
  A centaur zombie (D:5)
  3 hounds (D:5)
  2 orc priests
  Natasha (D:2)
  4 orc wizards
  2 worker ants
  A hound skeleton (D:6)
  3 gnolls (D:6)
  A howler monkey skeleton (D:6)
  5 adders
  2 oozes
  2 worms
  2 dart slugs
  3 leopard geckos
  24 orcs
  8 bats
  7 giant cockroaches
  9 goblins
  5 hobgoblins
  7 jackals
  10 kobolds
  6 quokkas
  3 ball pythons
  4 frilled lizards
  A jackal zombie (D:6)
  A quokka skeleton (D:6)
  A quokka zombie (D:5)
  9 rats
144 creatures vanquished.

Notes
Turn   | Place    | Note
-------+----------+-------------------------------------------
     0 | D:1      | Kaiern the Gargoyle Venom Mage began the quest for the Orb.
     0 | D:1      | Reached XP level 1. HP: 10/10 MP: 3/3
   155 | D:1      | Found a shimmering altar of Xom.
   455 | D:1      | Reached XP level 2. HP: 16/16 MP: 1/5
  1297 | D:2      | Noticed a sky beast
  1484 | D:2      | Reached XP level 3. HP: 18/20 MP: 0/6
  1510 | D:1      | Reached skill level 1 in Fighting
  1839 | D:2      | Reached XP level 4. HP: 24/25 MP: 4/7
  1993 | D:2      | Learned a level 3 spell: Mephitic Cloud
  2177 | D:2      | Noticed Natasha
  2186 | D:2      | Killed Natasha
  2886 | D:3      | Reached XP level 5. HP: 30/30 MP: 5/9
  3863 | D:4      | Found a staircase to the Ecumenical Temple.
  3909 | D:4      | Noticed Eustachio
  4077 | D:3      | Killed Eustachio
  4077 | D:3      | Reached XP level 6. HP: 31/37 MP: 2/11
  4325 | D:4      | Reached XP level 7. HP: 20/41 MP: 3/12
  4600 | Temple   | Entered the Ecumenical Temple
  4709 | Temple   | Became a worshipper of Vehumet
  4747 | D:4      | Got a crystal dagger
  4862 | D:3      | Identified the +9 dagger of Usuceom {freeze, rPois Str+5}
                  | (You found it on level 4 of the Dungeon)
  5678 | D:5      | Entered Level 5 of the Dungeon
  5729 | D:5      | Learned a level 4 spell: Olgreb's Toxic Radiance
  5819 | D:5      | Reached skill level 5 in Poison Magic
  5995 | D:5      | Noticed Menkaure
  6004 | D:5      | Killed Menkaure
  6004 | D:5      | Reached skill level 1 in Short Blades
  6004 | D:5      | Reached skill level 1 in Armour
  6104 | D:5      | Found a sacrificial altar of Ru.
  6176 | D:5      | Reached XP level 8. HP: 39/48 MP: 11/14
  6660 | D:5      | Reached * piety under Vehumet
  6660 | D:5      | Offered knowledge of Magic Dart by Vehumet.
  6700 | D:5      | Noticed Edmund
  6707 | D:5      | Reached skill level 5 in Spellcasting
  6731 | D:5      | Killed Edmund
  6971 | D:5      | Got a fine flail
  6972 | D:5      | Identified the +7 flail of Ogamm {drain, *Rage +Fly rN+
                  | Str+2} (You found it on level 5 of the Dungeon)
  7197 | D:5      | Noticed Sigmund
  7531 | D:6      | Reached skill level 1 in Maces & Flails
  7568 | D:6      | Reached XP level 9. HP: 40/52 MP: 14/17
  7766 | D:6      | Noticed Grinder
  7771 | D:6      | Reached skill level 5 in Fighting
  7772 | D:6      | Paralysed by Grinder for 4 turns
  7786 | D:6      | Killed Grinder
  7981 | D:6      | Found Ehuitryqa's Magic Scroll Boutique.
  8016 | D:6      | HP: 2/54 [gnoll sergeant/+1 spear of piercing (1)]
  8016 | D:6      | Slain by a gnoll sergeant

Levels and vault maps discovered:
D:1:      kennysheep_arrival_seaside, layout_basic, xom_teletrap_fun
D:2:      layout_basic, uniq_natasha
D:3:      layout_loops_corners
D:4:      layout_rooms, minmay_temple_entry_sparse_star,
          kennysheep_opposing_triangles, uniq_eustachio
D:5:      layout_basic, first_ration, nicolae_ru_great_annihilating_truth,
          uniq_menkaure, uniq_sigmund, uniq_edmund
D:6:      minmay_evil_eye, layout_rooms, grunt_qazlal_sundering, serial_shops,
          shop_scrolls, uniq_grinder
Temple:   compressed_dpeg_circular_temple

Skill      XL: |  1  2  3  4  5  6  7  8  9 |
---------------+----------------------------+-----
Fighting       | 1 2 3 4 5 |  5.3
Conjurations   | 2 3 4 |  4.1
Spellcasting   | 3 4 5 6 |  6.0
Poison Magic   | 4 5 6 |  6.9
Short Blades   | 1 3 |  3.0
Armour         | 2 |  2.0
Maces & Flails | 1 2 |  2.8
Dodging        | |  1.5
Stealth        | |  2.3

Action                   |  1- 3 |  4- 6 |  7- 9 || total
-------------------------+-------+-------+-------++-------
Melee: Whip              |    24 |    43 |     3 ||    70
       Dagger            |       |       |    55 ||    55
       Flail             |       |       |    71 ||    71
 Cast: Sting             |    51 |   109 |   100 ||   260
       Mephitic Cloud    |       |     3 |     7 ||    10
  Use: Scroll            |       |       |     5 ||     5
 Stab: Confused          |       |     4 |     1 ||     5
  Eat: Chunk             |     3 |     5 |     6 ||    14
       Ration            |       |     1 |     2 ||     3
Armor: Robe              |    12 |       |       ||    12
       Leather armour    |    14 |    21 |    78 ||   113
Dodge: Dodged            |    32 |    31 |    86 ||   149
